 Dungeon Crawl Stone Soup version 0.31-a0-1074-g0b22e4e0f1 (webtiles) character file.

Game seed: 14774971718429531985

320 Snarg the Shooter (level 6, -4/34 HPs)
             Began as a Deep Elf Hexslinger on Nov 27, 2023.
             Slain by a water moccasin zombie (6 damage)
             ... in an ossuary.
             The game lasted 00:10:13 (2946 turns).

Snarg the Shooter (Deep Elf Hexslinger)             Turns: 2946, Time: 00:10:13

Health: -4/34      AC:  6    Str:  5    XL:     6   Next: 22%
Magic:  21/21      EV: 14    Int: 18    God:
Gold:   153        SH:  0    Dex: 19    Spells: 2/10 levels left

rFire   . . .        b - +2 dagger (venom)
rCold   . . .        (no shield)
rNeg    . . .        c - +1 robe
rPois   .            j - +2 helmet {SInv}
rElec   .            (no cloak)
rCorr   +            (no gloves)
SInv    +            (no boots)
Will    .....        e - amulet of the acrobat
Stlth   ++           n - ring of resist corrosion
HPRegen 0.25/turn    r - ring of magical power
MPRegen 0.17/turn

%: acrobat
@: mighty, weak-willed
A: no striking features
a: no special abilities


You were in an ossuary.
You visited 1 branch of the dungeon, and saw 4 of its levels.
You also visited: Ossuary.

You collected 153 gold pieces.

Inventory:

Hand Weapons
 a - a +2 sling of flaming
 b - a +2 dagger of venom (weapon)
 k - a +0 short sword
 p - a +1 sling
Missiles
 f - 42 stones
 h - 2 poisoned darts
Armour
 c - a +1 robe (worn)
 i - a +0 leather armour
 j - a +2 helmet of see invisible (worn)
Jewellery
 e - an amulet of the acrobat (around neck)
 n - a ring of resist corrosion (left hand)
 r - a ring of magical power (right hand)
Scrolls
 d - 2 scrolls of identify
 l - a scroll of teleportation
 m - a scroll of poison
 q - a scroll of enchant armour
 s - a scroll of enchant weapon
Potions
 o - 2 potions of attraction


   Skills:
 - Level 1.0 Fighting
 + Level 6.5 Ranged Weapons
 * Level 3.5 Dodging
 * Level 2.3 Stealth
 + Level 2.8 Spellcasting
 + Level 5.1 Hexes
 + Level 1.1 Fire Magic


You had 2 spell levels left.
You knew the following spells:

 Your Spells              Type           Power      Damage    Failure   Level
a - Jinxbite              Hex            42%        N/A       3%          2
b - Sigil of Binding      Hex            21%        N/A       6%          3
c - Inner Flame           Hex/Fire       13%        N/A       14%         3

Your spell library contained the following spells:

 Spells                   Type           Power      Damage    Failure   Level
 Cause Fear               Hex            10%        N/A       21%         4
 Dimensional Bullseye     Hex/Tloc       5%         N/A       50%         4


Dungeon Overview and Level Annotations

Branches:
Dungeon (4/15)            Ossuary (1/1)
 Temple: D:4-7

Altars:

Annotations:
D:1 clr
D:2 clr
D:3 clr


Message History

The water moccasin zombie is heavily damaged.
The water moccasin zombie closely misses you.
You shoot a sling bullet.
The sling bullet hits the water moccasin zombie.
The sling bullet burns the water moccasin zombie.
The water moccasin zombie is severely damaged.
The water moccasin zombie misses you. The water moccasin zombie bites you.
You are too injured to fight recklessly!
You are too injured to fight recklessly!
You are too injured to fight recklessly!
Your +2 sling of flaming stops flaming.
Your +2 dagger of venom begins to drip with poison!
b - a +2 dagger of venom (weapon)
You barely miss the water moccasin zombie.
The water moccasin zombie is severely damaged.
The water moccasin zombie bites you.
You barely miss the water moccasin zombie.
The water moccasin zombie is severely damaged.
The water moccasin zombie bites you. x2
You hit the water moccasin zombie.
The water moccasin zombie is severely damaged.
The water moccasin zombie bites you.
You hit the water moccasin zombie.
The water moccasin zombie is severely damaged.
The water moccasin zombie bites you.
* * * LOW HITPOINT WARNING * * *
Unknown command.
You feel very mighty all of a sudden.
The water moccasin zombie barely misses you.
You barely miss the water moccasin zombie.
The water moccasin zombie is severely damaged.
The water moccasin zombie bites you.
* * * LOW HITPOINT WARNING * * *
Unknown command.
You closely miss the water moccasin zombie.
The water moccasin zombie is severely damaged.
The water moccasin zombie bites you.
* * * LOW HITPOINT WARNING * * *
The water moccasin zombie bites you.
You die...

#'### #...# #...#
#...# #...#
###'########## ##
#...#...#....# ..#
#...#...#....#...#
#...'...'...@Z...+
##################


You could see a water moccasin zombie.

Vanquished Creatures
  2 water moccasin zombies (Ossuary)
  Natasha (thrice) (D:3)
  5 adders
  4 adder zombies (Ossuary)
  A worm (D:2)
  4 dart slugs
  An orc (D:3)
  An endoplasm (D:1)
  4 hobgoblins
  2 jackals (D:2)
  8 quokkas
  5 ball pythons
  6 bats
  3 frilled lizards
  2 gnoll zombies (Ossuary)
  7 goblins
  A hobgoblin zombie (Ossuary)
  5 kobolds
  4 orc zombies (Ossuary)
  7 rats
75 creatures vanquished.

Notes
Turn   | Place    | Note
-------+----------+-------------------------------------------
     0 | D:1      | Snarg the Deep Elf Hexslinger began the quest for the Orb.
     0 | D:1      | Reached XP level 1. HP: 11/11 MP: 5/5
    70 | D:1      | Reached skill level 3 in Ranged Weapons
   196 | D:1      | Reached XP level 2. HP: 16/16 MP: 6/6
   199 | D:1      | Learned a level 2 spell: Jinxbite
   278 | D:1      | Reached skill level 1 in Fighting
   881 | D:1      | Reached XP level 3. HP: 20/20 MP: 7/7
  1198 | D:2      | Reached skill level 4 in Ranged Weapons
  1426 | D:2      | Learned a level 3 spell: Sigil of Binding
  1937 | D:3      | Reached skill level 5 in Ranged Weapons
  1937 | D:3      | Reached XP level 4. HP: 21/25 MP: 6/9
  1971 | D:3      | Noticed Natasha
  1981 | D:3      | Killed Natasha
  2162 | D:3      | Noticed Natasha
  2168 | D:3      | Killed Natasha
  2169 | D:3      | Reached skill level 1 in Stealth
  2269 | D:3      | Reached XP level 5. HP: 27/29 MP: 10/10
  2279 | D:3      | Learned a level 3 spell: Inner Flame
  2638 | D:3      | Noticed Natasha
  2646 | D:3      | Killed Natasha
  2802 | D:4      | Found a sand-covered staircase.
  2811 | Ossuary  | Entered an ossuary
  2850 | Ossuary  | Reached skill level 6 in Ranged Weapons
  2862 | Ossuary  | Reached skill level 5 in Hexes
  2933 | Ossuary  | Reached XP level 6. HP: 34/34 MP: 12/12
  2946 | Ossuary  | Slain by a water moccasin zombie

Illustrated notes

Levels and vault maps discovered:
D:1:      mrwooster_arrival_statue_2, layout_loops_ring
D:2:      layout_loops_cross
D:3:      layout_basic, uniq_natasha
D:4:      layout_basic, nicolae_ossuary_entry_monument, nrook_loot_triangle
Ossuary:  ossuary_tomb_2

Skill      XL: |  1  2  3  4  5 |
---------------+----------------+-----
Ranged Weapons | 3 5 6 |  6.5
Fighting       | 1 |  1.0
Spellcasting   | 2 |  2.8
Stealth        | 1 2 |  2.3
Dodging        | 3 |  3.5
Hexes          | 5 |  5.1
Fire Magic     | |  1.1

Action                     |  1- 3 |  4- 6 || total
---------------------------+-------+-------++-------
  Melee: Dagger            |     2 |     9 ||    11
   Fire: Sling             |   104 |    83 ||   187
   Cast: Jinxbite          |    20 |    16 ||    36
    Use: Scroll            |     4 |     2 ||     6
         Potion            |       |     1 ||     1
 Armour: Robe              |    17 |    40 ||    57
  Dodge: Dodged            |    26 |    36 ||    62

Table legend: (Time is in decaauts)
 A = Elapsed time spent in this place.
 B = Non-inter-level travel time spent in this place.
 C = Inter-level travel time spent in this place.
 D = Time resting spent in this place.
 E = Time spent auto-exploring this place.
 F = Levels seen in this place.
 G = Mean time per level.
                   A        B        C        D        E       F      G
               +--------+--------+--------+--------+--------+-----+--------+
         Total |   2970 |   2801 |    169 |    182 |   2069 |   5 |  594.0 |
       Dungeon |   2833 |   2664 |    169 |    145 |   2069 |   4 |  708.2 |
       Ossuary |    137 |    137 |      0 |     37 |      0 |   1 |  137.0 |
               +--------+--------+--------+--------+--------+-----+--------+

Top non-repeatable levels by time:
     D:1: 1098 daAuts
     D:3: 880 daAuts
     D:2: 787 daAuts
 Ossuary: 137 daAuts
     D:4: 66 daAuts
